 Dungeon Crawl Stone Soup version 0.30-a0-956-gcec3b41aec (webtiles) character file.

Game seed: 14764103372044657400

2361 jasper the Geomancer (level 9, 0/52 HPs)
             Began as a Gargoyle Earth Elementalist on Mar 29, 2023.
             Was an Initiate of Vehumet.
             Slain by a wight
             ... wielding a +5 mace of freezing
              (5 damage)
             ... on level 7 of the Dungeon.
             The game lasted 00:09:02 (5953 turns).

jasper the Geomancer (Gargoyle Earth Elementalist)  Turns: 5953, Time: 00:09:02

Health: 0/52       AC: 10    Str: 12    XL:     9   Next: 44%
Magic:  24/24      EV: 12    Int: 20    God:    Vehumet [......]
Gold:   342        SH:  4    Dex: 10    Spells: 10/16 levels left

rFire   . . .      SeeInvis +    l - +3 sling "Zaxurel" {elec, rCorr SInv}
rCold   . . .      Faith    .    d - +0 buckler
rNeg    + . .      Spirit   .    a - +0 robe
rPois   ∞          Reflect  .    A - +0 helmet
rElec   +          Rampage  .    (no cloak)
rCorr   +                        F - +0 pair of gloves
Will    .....                    (no boots)
Stlth   ++                       (no amulet)
HPRegen 0.28/turn                c - ring of resist corrosion
MPRegen 0.19/turn                o - ring of magical power

@: no status effects
A: sickness immunity, AC +6, negative energy resistance 1, electricity
resistance, torment resistance 1, petrification resistance
a: Renounce Religion


You were on level 7 of the Dungeon.
You worshipped Vehumet.
Vehumet was noncommittal.
You visited 2 branches of the dungeon, and saw 8 of its levels.
You also visited: Sewer.

You collected 410 gold pieces.
You spent 68 gold pieces at shops.

Inventory:

Hand Weapons
 e - a +1 long sword
 l - the +3 sling "Zaxurel" (weapon) {elec, rCorr SInv}
   (You found it on level 2 of the Dungeon)

   SInv:      It lets you see invisible.
   rCorr:     It protects you from acid and corrosion.
Missiles
 h - 2 curare-tipped darts
Armour
 a - a +0 robe (worn)
 d - a +0 buckler (worn)
 A - a +0 helmet (worn)
 F - a +0 pair of gloves (worn)
Jewellery
 c - a ring of resist corrosion (left hand)
 i - a ring of ice
 o - a ring of magical power (right hand)
 s - a ring of protection from fire
Wands
 z - a wand of paralysis (12)
 D - a wand of roots (6)
 G - a wand of flame (16)
Scrolls
 f - a scroll of poison
 t - a scroll of amnesia
 u - 3 scrolls of teleportation
 v - a scroll of fog
 y - 3 scrolls of identify
 B - 2 scrolls of magic mapping
 C - a scroll of enchant weapon
 E - a scroll of immolation {unknown}
Potions
 b - a potion of magic
 g - 2 potions of invisibility
 j - 3 potions of berserk rage
 k - 2 potions of attraction
 m - 3 potions of lignification {unknown}
 n - 5 potions of flight
 p - 3 potions of might
 q - 2 potions of heal wounds
 r - 4 potions of degeneration
 w - a potion of brilliance {unknown}
 x - 2 potions of curing {unknown}


   Skills:
 + Level 4.2 Fighting
 - Level 3.0 Ranged Weapons
 + Level 3.6 Dodging
 - Level 2.1 Stealth
 - Level 4.0 Shields
 + Level 4.1 Spellcasting
 * Level 6.0 Conjurations
 - Level 0.7 Transmutations
 * Level 8.8 Earth Magic


You had 10 spell levels left.
You knew the following spells:

 Your Spells              Type           Power      Damage    Failure   Level
a - Sandblast             Erth           78%        2d17      1%          1
b - Passwall              Tmut/Erth      19%        N/A       3%          2
c - Stone Arrow           Conj/Erth      68%        3d11      2%          3

Your spell library contained the following spells:

 Spells                   Type           Power      Damage    Failure   Level
 Foxfire                  Conj/Fire      64%        2x1d4     4%          1
 Summon Small Mammal      Summ           16%        N/A       16%         1
 Petrify                  Tmut/Erth      23%        N/A       22%         4
 Blink                    Tloc           8%         N/A       24%         2
 Ensorcelled Hibernation  Hex/Ice        8%         N/A       24%         2
 Spider Form              Tmut/Pois      5%         N/A       38%         3
 Call Canine Familiar     Summ           4%         N/A       43%         3
 Summon Guardian Golem    Hex/Summ       4%         N/A       43%         3
 Swiftness                Air            4%         N/A       43%         3
 Fireball                 Conj/Fire      8%         3d6       78%         5
 Anguish                  Hex/Necr       2%         N/A       85%         4
 Manifold Assault         Tloc           4%         N/A       85%         4
 Starburst                Conj/Fire      8%         6d4       100%        6
 Storm Form               Tmut/Air       2%         N/A       100%        7


Dungeon Overview and Level Annotations

Branches:
Dungeon (7/15)             Temple (1/1) D:6           Sewer (visited)

Altars:
Cheibriados
Dithmenos
Elyvilon
Fedhas
Gozag
Hepliaklqana
Kikubaaqudgha
Makhleb
Okawaru
Qazlal
Ru
Sif Muna
Trog
Vehumet
Wu Jian
Xom
Yredelemnul
The Shining One

Shops:
D:3 =*   D:7 *

Annotations:
D:2 1 runed translucent door, Crazy Yiuf
D:3 3 runed translucent doors, BlueFish's ghost, amateur OpWr; retardedninja's ghost, amateur AtFi
D:5 exclusion: moth of wrath
Temple 2 transporters


Innate Abilities, Weirdness & Mutations

You are immune to sickness and miasma.
Your stone body is resilient. (AC +6)
You are immune to poison.
You resist negative energy. (rN+)
You are resistant to electric shocks. (rElec)
You are resistant to unholy torment.
You are immune to petrification.


Message History

Press: ? - help, Q - select action, (/) - cycle Shift-Dir - straight line, f/p - wight
Aim: a wight, wielding a +0 scimitar and wearing a +0 robe (60% to hit)
You shoot a sling bullet.
The sling bullet hits the wight but does no damage.
Lightning courses through the wight!
The wight is almost destroyed.
The wight hits you with a +0 scimitar.
You take 5 damage, and have 32/52 hp.
Fire: l) +3 sling "Zaxurel" {elec, rCorr SInv}
Press: ? - help, Q - select action, (/) - cycle Shift-Dir - straight line, f/p - wight
Aim: a wight, wielding a +0 scimitar and wearing a +0 robe (almost destroyed, 60% to hit)
You shoot a sling bullet.
The sling bullet hits the wight but does no damage.
The wight is almost destroyed.
The wight barely misses you.
Fire: l) +3 sling "Zaxurel" {elec, rCorr SInv}
Press: ? - help, Q - select action, (/) - cycle Shift-Dir - straight line, f/p - wight
Aim: a wight, wielding a +0 scimitar and wearing a +0 robe (almost destroyed, 60% to hit)
You shoot a sling bullet. The sling bullet hits the wight.
You destroy the wight!
Vehumet accepts your kill.
The wight hits you with a +3 dire flail of freezing.
The wight freezes you. The wight hits you but does no damage.
You take 9 damage, and have 23/52 hp.
Fire: l) +3 sling "Zaxurel" {elec, rCorr SInv}
Press: ? - help, Q - select action, (/) - cycle Shift-Dir - straight line, f - wight
Aim: a wight, wielding a +5 mace of freezing and wearing a +0 robe (lightly damaged, 60% to hit)
You shoot a sling bullet.
The sling bullet closely misses the wight.
The wight closely misses you.
The wight hits you with a +5 mace of freezing.
The wight freezes you.
* * * LOW HITPOINT WARNING * * *
You take 8 damage, and have 15/52 hp.
The wight attacks as you move away! The wight barely misses you.
The wight attacks as you move away!
The wight hits you with a +5 mace of freezing!
* * * LOW HITPOINT WARNING * * *
The wight freezes you.
You die...

#.........).# ..
..#.........#...... ....#
#..........##.##### .......
.........###... #
....^...###.............. #
####........##.............##
#..#.....#.......##........#
#........#......##..........
##.......#....@z..........###
###........##....z#.##........#..
...............###)..#...........
...#....#.......###.###.##.......
...#............##..## ####......
...#...............z.#####.......
..................##.#.#....<....
..................#....z........#
.####..........>..##..##.........


You could see 2 wights.

Vanquished Creatures
  An unseen horror (D:6)
  Grinder (D:4)
  A wyvern (D:7)
  2 orc warriors
  3 sky beasts
  2 black bears
  2 ogres
  A phantom (D:5)
  2 scorpions
  2 wights (D:7)
  2 jellies
  Natasha (thrice) (D:4)
  Terence (D:2)
  5 orc wizards
  2 iguanas
  4 gnolls (D:4)
  13 adders
  4 river rats (Sewer)
  An ufetubus (D:3)
  6 worms
  2 dart slugs
  11 orcs
  6 endoplasms
  4 giant cockroaches
  4 goblins
  8 hobgoblins
  4 jackals
  10 kobolds
  9 quokkas
  12 ball pythons
  14 bats
  4 frilled lizards (Sewer)
  4 rats
150 creatures vanquished.

Notes
Turn   | Place    | Note
-------+----------+-------------------------------------------
     0 | D:1      | jasper the Gargoyle Earth Elementalist began the quest for
                  | the Orb.
     0 | D:1      | Reached XP level 1. HP: 10/10 MP: 3/3
   106 | D:1      | Reached skill level 4 in Earth Magic
   153 | D:1      | Reached XP level 2. HP: 15/15 MP: 3/5
   664 | D:1      | Found a faded altar of an unknown god.
   829 | D:2      | Reached skill level 5 in Earth Magic
   829 | D:2      | Reached XP level 3. HP: 19/19 MP: 2/6
   832 | D:2      | Identified the +3 sling "Zaxurel" {elec, rCorr SInv}
   834 | D:2      | Noticed Terence
   840 | D:2      | Killed Terence
   904 | D:2      | Reached skill level 1 in Ranged Weapons
   904 | D:2      | Reached XP level 4. HP: 24/24 MP: 7/7
  1078 | D:2      | Found a runed translucent door.
  1079 | D:2      | Noticed Crazy Yiuf
  1424 | D:2      | Learned a level 2 spell: Passwall
  1428 | D:2      | Learned a level 3 spell: Stone Arrow
  1454 | D:3      | Found a runed translucent gate.
  1455 | D:3      | Found a runed translucent gate.
  1455 | D:3      | Found a runed translucent gate.
  1460 | D:3      | Found an iron altar of Okawaru.
  1472 | D:3      | Found a white marble altar of Elyvilon.
  1478 | D:3      | Found Ycicvud's Jewellery Shop.
  1483 | D:3      | Reached XP level 5. HP: 28/28 MP: 8/8
  1505 | D:3      | Found a basalt altar of Yredelemnul.
  1584 | D:3      | Reached skill level 1 in Shields
  1769 | D:3      | Noticed retardedninja's ghost (amateur AtFi)
  1769 | D:3      | Noticed BlueFish's ghost (amateur OpWr)
  1836 | D:3      | Found Ucouloddotoj's Armour Shop.
  1881 | D:3      | Found Wuohaeche's Assorted Antiques.
  1891 | D:3      | Bought a scroll labelled GOICIQI EDITE for 18 gold pieces
  1891 | D:3      | Bought a scroll labelled SECZESCH ZY WAZIL for 18 gold
                  | pieces
  1891 | D:3      | Bought a murky emerald potion for 16 gold pieces
  1891 | D:3      | Bought a murky blue potion for 16 gold pieces
  2194 | D:4      | Noticed Natasha
  2198 | D:4      | Killed Natasha
  2199 | D:4      | Reached XP level 6. HP: 32/32 MP: 9/9
  2293 | D:4      | Found a burning altar of Makhleb.
  2293 | D:4      | Noticed a balrug
  2334 | D:4      | Noticed Grinder
  2341 | D:4      | Killed Grinder
  2342 | D:4      | Reached skill level 1 in Fighting
  2342 | D:4      | Reached skill level 1 in Conjurations
  2342 | D:4      | Reached skill level 6 in Earth Magic
  2342 | D:4      | Reached XP level 7. HP: 31/38 MP: 10/10
  2355 | D:4      | Noticed Natasha
  2358 | D:4      | Killed Natasha
  2473 | D:4      | Noticed Natasha
  2477 | D:4      | Killed Natasha
  2634 | D:4      | Found an ornate altar of the Wu Jian Council.
  2728 | D:5      | Entered Level 5 of the Dungeon
  2834 | D:5      | Noticed a moth of wrath
  2838 | D:5      | Found a bloodstained altar of Trog.
  2973 | D:5      | Found a shimmering altar of Xom.
  3007 | D:5      | Reached XP level 8. HP: 25/44 MP: 12/12
  3281 | D:5      | Reached skill level 7 in Earth Magic
  3437 | D:5      | Found a glowing drain.
  3441 | Sewer    | Entered a sewer
  4469 | D:6      | Found a staircase to the Ecumenical Temple.
  4475 | Temple   | Entered the Ecumenical Temple
  4475 | Temple   | Found a transporter.
  4475 | Temple   | Found a transporter.
  4477 | Temple   | Found a transporter.
  4477 | Temple   | Found a transporter.
  4498 | Temple   | Became a worshipper of Vehumet
  4975 | D:6      | Found a shimmering blue altar of Sif Muna.
  5064 | D:6      | Noticed an unseen horror
  5069 | D:6      | Killed an unseen horror
  5070 | D:6      | Reached skill level 5 in Conjurations
  5070 | D:6      | Reached skill level 8 in Earth Magic
  5070 | D:6      | Reached XP level 9. HP: 39/51 MP: 13/14
  5629 | D:7      | Found Vaohiwo's Island Escapes.
  5953 | D:7      | Slain by a wight

Illustrated notes

Levels and vault maps discovered:
D:1:      psy_arrival_heroes, layout_basic, dilly_ecumenical_altar_fadedgnrine
D:2:      layout_rooms, minmay_fractal_squares_gapless_5,
          uniq_crazy_yiuf_cottage, uniq_terence
D:3:      layout_basic, lemuel_round_altar,
          chequers_temple_overflow_statue_of_worship, gammafunk_ghost_cemetery,
          serial_shops, shop, nicolae_shop_behind_doors, nicolae_diamond_shop
D:4:      layout_rooms, makhleb_altar_promises_db, mainiacjoe_overflow_alcove_2,
          uniq_grinder, uniq_natasha
D:5:      layout_basic, tgw_trog, xom_redecorated, gup_sewer_entry_bowl
D:6:      layout_gridville, kennysheep_orc_sif_temple, minmay_temple_entry_grid,
          minmay_unpleasant_kobolds
D:7:      layout_cave_pools, grunt_decor_fettered, nicolae_specific_store,
          nicolae_island_escapes
Temple:   hellmonk_temple_divided_pantheon

Skill      XL: |  1  2  3  4  5  6  7  8  9 |
---------------+----------------------------+-----
Earth Magic    | 4 5 6 8 |  8.8
Ranged Weapons | 1 2 3 |  3.0
Shields        | 3 4 |  4.0
Fighting       | 1 2 3 4 |  4.2
Dodging        | 2 3 |  3.6
Conjurations   | 1 3 5 6 |  6.0
Spellcasting   | 3 4 |  4.1
Stealth        | |  2.1
Transmutations | |  0.7

Action                     |  1- 3 |  4- 6 |  7- 9 || total
---------------------------+-------+-------+-------++-------
   Fire: Sling             |    20 |   143 |   315 ||   478
   Cast: Sandblast         |    18 |     1 |     7 ||    26
         Stone Arrow       |       |       |     4 ||     4
    Use: Scroll            |     2 |     6 |     5 ||    13
 Armour: Robe              |     3 |    20 |   120 ||   143
  Dodge: Dodged            |     3 |    35 |   158 ||   196
  Block: Buckler           |       |     7 |    48 ||    55

Table legend: (Time is in decaauts)
 A = Elapsed time spent in this place.
 B = Non-inter-level travel time spent in this place.
 C = Inter-level travel time spent in this place.
 D = Time resting spent in this place.
 E = Time spent auto-exploring this place.
 F = Levels seen in this place.
 G = Mean time per level.
                   A        B        C        D        E       F      G
               +--------+--------+--------+--------+--------+-----+--------+
         Total |   6266 |   6100 |    166 |    105 |   4852 |   9 |  696.2 |
       Dungeon |   5439 |   5273 |    166 |    105 |   4264 |   7 |  777.0 |
        Temple |     40 |     40 |      0 |      0 |      0 |   1 |   40.0 |
         Sewer |    786 |    786 |      0 |      0 |    587 |   1 |  786.0 |
               +--------+--------+--------+--------+--------+-----+--------+

Top non-repeatable levels by time:
     D:5: 1140 daAuts
     D:6: 1012 daAuts
     D:1: 822 daAuts
   Sewer: 786 daAuts
     D:3: 712 daAuts
     D:2: 662 daAuts
     D:4: 598 daAuts
     D:7: 491 daAuts
  Temple: 40 daAuts
